 Dungeon Crawl Stone Soup version 0.29-b1-12-g9e2288ab2a (webtiles) character file.

Game seed: 6401159401364414878

1471 Zeldest the Insei (level 8, -3/49 (54) HPs)
             Began as an Octopode Transmuter on Aug 24, 2022.
             Was a Believer of Cheibriados.
             Slain by a wight
             ... wielding a +0 flail
              (5 damage)
             ... on level 7 of the Dungeon.
             The game lasted 00:12:01 (2039 turns).

Zeldest the Insei (Octopode Transmuter)             Turns: 2039, Time: 00:12:01

HP:   -3/49 (54)    AC:  1    Str:  9    XL:     8   Next: 78%
MP:   10/12         EV: 13    Int: 22    God:    Cheibriados [**....]
Gold: 217           SH:  0    Dex: 20    Spells: 3/13 levels left

rFire   . . .      SeeInvis .   g - +8 short sword of Disharmony {flame, rC+ Str-4 Dex+4}
rCold   + . .      Faith    .   (no shield)
rNeg    . . .      Spirit   .   (helmet restricted)
rPois   .          Reflect  .   (no amulet)
rElec   .          Harm     .   (no ring)
rCorr   .          Rampage  .   (no ring)
Will    .....                   (no ring)
Stlth   +++.......              (no ring)
HPRegen 0.16/turn               (no ring)
MPRegen 0.13/turn               (no ring)
                                (no ring)
                                (no ring)

@: wereblooded, drained, very slow
A: almost no armour, amphibious, 8 rings, camouflage 1, gelatinous body 1,
(nimble swimmer 1), tentacles
a: Renounce Religion, Bend Time


You were on level 7 of the Dungeon.
You worshipped Cheibriados.
Cheibriados was pleased with you.
You visited 2 branches of the dungeon, and saw 8 of its levels.

You collected 217 gold pieces.

Inventory:

Hand Weapons
 g - the +8 short sword of Disharmony (weapon) {flame, rC+ Str-4 Dex+4}
   (You found it on level 3 of the Dungeon)

   It burns those it strikes, dealing additional fire damage.
   Str:       It affects your strength (-4).
   Dex:       It affects your dexterity (+4).
   rC:        It protects you from cold.
Jewellery
 e - an amulet of guardian spirit
 f - a ring of ice
Wands
 m - a wand of iceblast (10)
 o - a wand of charming (8)
 p - a wand of flame (14)
Scrolls
 b - 2 scrolls of teleportation
 c - a scroll of fear {unknown}
 h - a scroll of blinking {unknown}
 i - a scroll of fog {unknown}
 k - a scroll of enchant armour {unknown}
 l - a scroll of noise {unknown}
 n - 2 scrolls of immolation {unknown}
Potions
 a - a potion of lignification
 d - 3 potions of heal wounds
 j - 4 potions of curing


   Skills:
 + Level 4.5 Fighting
 - Level 2.0 Dodging
 + Level 6.2 Unarmed Combat
 - Level 3.0 Spellcasting
 + Level 5.8 Transmutations
 - Level 3.0 Ice Magic
 + Level 3.6 Invocations


You had 3 spell levels left.
You knew the following spells:

 Your Spells              Type           Power      Damage    Failure   Level
a - Beastly Appendage     Tmut           58%        N/A       1%          1
b - Wereblood             Tmut           29%        N/A       1%          2
c - Spider Form           Tmut/Pois      16%        N/A       11%         3
d - Ice Form              Ice/Tmut       22%        N/A       21%         4

Your spell library contained the following spells:

 Spells                   Type           Power      Damage    Failure   Level


Dungeon Overview and Level Annotations

Branches:
Dungeon (7/15)             Temple (1/1) D:4

Altars:
Cheibriados
Elyvilon
Kikubaaqudgha
Nemelex Xobeh
Uskayaw
Vehumet


Innate Abilities, Weirdness & Mutations

You cannot wear most types of armour.
You are amphibious.
You can wear up to eight rings at the same time.
Your skin changes colour to match your surroundings (Stealth+).
Your rubbery body absorbs attacks. (AC +1, EV +1)
((You are camouflaged when in or above water. (Stealth+)))
You have tentacles for arms and can constrict up to eight enemies at once.


Message History

Memorise Ice Form, consuming 4 spell levels and leaving 3?
You start memorising the spell.
You continue memorising. x4
You finish memorising.
Spell assigned to 'd'.
Found 10 gold pieces.
A bullfrog comes into view.
Found a trident.
Found 16 gold pieces.
The helpless bullfrog fails to defend itself.
You puncture the bullfrog! You burn the bullfrog.
Your grab misses the bullfrog. You squeeze the bullfrog.
The bullfrog is severely wounded.
The bullfrog hits you. x2
You puncture the bullfrog! You burn the bullfrog.
You kill the bullfrog!
Cheibriados appreciates the change of pace.
Found a stone staircase leading down.
You see here a bullfrog corpse.
You see here a +0 trident.
You see here 16 gold pieces.
You now have 217 gold pieces (gained 16).
A wight comes into view. It is wielding a +0 flail.
Casting: Spider Form (dangerous; 11% risk of failure)
Confirm with . or Enter, or press ? or * to list all spells.
Your blood is infused with primal strength.
Aiming: Throw Flame
Press: ? - help, Shift-Dir - straight line, f - wight
Aim: a wight, wielding a +0 flail and wearing a +0 robe (68% to hit)
The puff of flame hits the wight but does no damage.
You hit the wight. You burn the wight. Your grab misses the wight.
Your tentacle-slap misses the wight.
The wight is moderately damaged.
The wight hits you with a +0 flail.
You feel drained.
* * * LOW HITPOINT WARNING * * *
You barely miss the wight. You grab the wight.
You squeeze the wight, but do no damage.
The wight is moderately damaged.
You constrict the wight. The wight hits you with a +0 flail!
* * * LOW HITPOINT WARNING * * *
You feel drained.
You die...

............. .......##
#.........# #........
#....>...## #.......
#.........#### #......
#.....#......#######.....
#......#.................
##....).#................#
#.......z...## #.......##
#...#.....@..# #####...#
..####...†...# ###...# .#
###.....# ###.....#
##....#####.......#
##...#...........#
###.............#
#......######..# #..#####
... #.## ###


You could see a wight.

Vanquished Creatures
  Menkaure (D:6)
  A water moccasin (D:6)
  An ice beast (D:6)
  2 black bears (D:6)
  2 phantoms
  A kobold brigand (D:7)
  2 bullfrogs (D:7)
  2 scorpions
  A wight (D:7)
  A howler monkey (D:7)
  A jelly (D:4)
  2 hounds
  4 orc wizards
  2 iguanas
  4 gnolls (D:5)
  2 adders (D:4)
  A shadow imp (D:7)
  2 ufetubi
  A worm (D:3)
  2 dart slugs
  22 orcs
  A ball python (D:3)
  6 endoplasms
  2 giant cockroaches (D:1)
  4 goblins
  3 hobgoblins
  8 kobolds
  3 frilled lizards
  2 rats (D:3)
86 creatures vanquished.

Notes
Turn   | Place    | Note
-------+----------+-------------------------------------------
     0 | D:1      | Zeldest the Octopode Transmuter began the quest for the
                  | Orb.
     0 | D:1      | Reached XP level 1. HP: 13/13 MP: 3/3
   172 | D:2      | Reached XP level 2. HP: 16/18 MP: 3/5
   180 | D:2      | Learned a level 2 spell: Wereblood
   443 | D:3      | Reached XP level 3. HP: 23/23 MP: 3/6
   465 | D:3      | Identified the +8 short sword of Disharmony {flame, rC+
                  | Str-4 Dex+4}
   473 | D:3      | Learned a level 3 spell: Spider Form
   641 | D:4      | Reached XP level 4. HP: 20/29 MP: 2/7
   703 | D:4      | Reached skill level 4 in Unarmed Combat
   734 | D:4      | Noticed a phantom
   736 | D:4      | Found a staircase to the Ecumenical Temple.
   746 | D:4      | Killed a phantom
   747 | D:4      | Reached XP level 5. HP: 8/34 MP: 8/8
   756 | Temple   | Entered the Ecumenical Temple
   777 | Temple   | Became a worshipper of Cheibriados the Contemplative
   888 | D:4      | Reached XP level 6. HP: 19/41 MP: 7/10
   982 | D:5      | Entered Level 5 of the Dungeon
  1028 | D:5      | Reached * piety under Cheibriados
  1072 | D:5      | Reached skill level 1 in Ice Magic
  1177 | D:5      | Reached skill level 5 in Unarmed Combat
  1177 | D:5      | Reached XP level 7. HP: 28/45 MP: 11/11
  1356 | D:6      | Noticed Menkaure
  1411 | D:6      | Reached skill level 1 in Invocations
  1589 | D:6      | Reached skill level 5 in Transmutations
  1590 | D:6      | Reached XP level 8. HP: 35/53 MP: 9/12
  1600 | D:6      | Killed Menkaure
  1724 | D:6      | Found a radiant altar of Vehumet.
  1783 | D:7      | Reached skill level 6 in Unarmed Combat
  1812 | D:7      | Reached ** piety under Cheibriados
  1971 | D:7      | Learned a level 4 spell: Ice Form
  2039 | D:7      | HP: 2/51 [wight/+0 flail (13)]
  2039 | D:7      | Slain by a wight

Illustrated notes

Levels and vault maps discovered:
D:1:      dpeg_arrival_radiant, layout_rooms,
          dreamdust_ecumenical_altar_hidden_monk_grotto
D:2:      kennysheep_the_goblin_king, layout_loops_ring, minmay_fountain_box
D:3:      layout_loops_cross, minmay_strange_pillars
D:4:      layout_cave_pools, temple_pool_b
D:5:      layout_basic, serial_curves, eino_curves_02, eino_curves_03,
          serial_shops, shop, st_stairs_10, minmay_misc_feat_tiny,
          lemuel_flame_loot_1
D:6:      layout_loops_ring, fiery_altar_vehumet, uniq_menkaure
D:7:      layout_layer_cave
Temple:   nicolae_temple_godzebo

Skill      XL: |  1  2  3  4  5  6  7  8 |
---------------+-------------------------+-----
Transmutations | 3 4 5 |  5.8
Fighting       | 2 3 4 |  4.5
Unarmed Combat | 4 5 6 |  6.2
Ice Magic      | 1 2 3 |  3.0
Spellcasting   | 3 |  3.0
Invocations    | 2 3 |  3.6
Dodging        | |  2.0

Action                   |  1- 3 |  4- 6 |  7- 9 || total
-------------------------+-------+-------+-------++-------
Melee: Unarmed           |    43 |    39 |    34 ||   116
       Kick              |     8 |       |       ||     8
       Constrict         |     8 |     6 |    10 ||    24
       Tentacles         |     5 |     9 |     8 ||    22
       Short sword       |     6 |    36 |    41 ||    83
       Punch             |       |     1 |     2 ||     3
 Cast: Beastly Appendage |     8 |       |       ||     8
       Wereblood         |     4 |     7 |     6 ||    17
       Spider Form       |     1 |     3 |     3 ||     7
Evoke: Wand              |       |       |     3 ||     3
  Use: Scroll            |       |     4 |       ||     4
       Potion            |       |       |     2 ||     2
 Stab: Sleeping          |     4 |     2 |     7 ||    13
Armor: Skin              |     1 |     6 |     4 ||    11
Dodge: Dodged            |    33 |    57 |    47 ||   137
